Reign vs Marlies

Created - Monday, December 28, 2015 at 23:21

Goals
1 2 3 OT1 SO T
Reign 0 0 1 0 1 1
Marlies 0 1 0 0 2 2
Shots
1 2 3 OT1 SO T
Reign 6 7 11 5 3 29
Marlies 9 15 9 4 2 37

1st period

No Goal

Penalties :
Brian McGrattan (ONT) for Holding (Minor) at 1:03, Phil Di Giuseppe (TOR) for Fighting (Major) at 6:42, Taylor Doherty (ONT) for Fighting (Major) at 6:42, Jarred Tinordi (TOR) for Fighting (Major) at 6:52, Brian McGrattan (ONT) for Fighting (Major) at 6:52, Colton Gillies (TOR) for Hooking (Minor) at 8:42

2nd period

1. Marlies , Jarred Tinordi 7 (Ryan Carpenter, Andy Miele) at 8:12 (PP)

Penalties :
Rich Clune (TOR) for Fighting (Major) at 7:31, Taylor Peters (ONT) for Fighting (Major) at 7:31, Jason Jaffray (ONT) for Interference (Minor) at 7:55, Colton Gillies (TOR) for Fighting (Major) at 10:00, Taylor Doherty (ONT) for Fighting (Major) at 10:00, Brian McGrattan (ONT) for Hooking (Minor) at 11:15

3rd period

2. Reign , Kevin Bieksa 7 (Jason Jaffray, Brett Olson) at 5:51 (PP)

Penalties :
Jarred Tinordi (TOR) for Fighting (Major) at 0:08, Luke Gazdic (ONT) for Fighting (Major) at 0:08, Jarred Tinordi (TOR) for instigated a fight (Minor) at 0:08, Jarred Tinordi (TOR) for instigated a fight (10 Minutes Misconduct) at 0:08, Rich Clune (TOR) for Hooking (Minor) at 5:38, Colton Gillies (TOR) for Fighting (Major) at 6:02, Brian McGrattan (ONT) for Fighting (Major) at 6:02, Rich Clune (TOR) for Fighting (Major) at 11:05, Luke Gazdic (ONT) for Fighting (Major) at 11:05, William Karlsson (ONT) for Goalie Interference (Minor) at 13:30, Ian Schultz (TOR) for Tripping (Minor) at 16:14

Overtime #1

No Goal

Penalties :
No Penalty

Shootout

Penalty Shot by William Karlsson for Reign - Goal!
Penalty Shot by Jordan Nolan for Marlies - Goal!
Penalty Shot by Luke Gazdic for Reign - Stopped by Scott Clemmensen
Penalty Shot by Andy Miele for Marlies - Goal!
Penalty Shot by Tom Kostopoulos for Reign - Stopped by Scott Clemmensen

Penalties :
No Penalty

Goalie Stats

Troy Grosenick (ONT), 36 saves from 37 shots - (0.973), OTL, 16-8-12, 65:00 minutes
Scott Clemmensen (TOR), 28 saves from 29 shots - (0.966), W, 6-1-4, 65:00 minutes

Players Stats for Reign

Player Name              G  A  P  +/- PIM S  H  SB GA TA FO     MP     PP MP  PK MP  
------------------------------------------------------------------------------------
Brett Olson              0  1  1   0  0   0  0  1  2  0  3/6    17:03   2:56   0:19 
Brian McGrattan          0  0  0   0  14  2  1  0  0  0  1/1    13:43   1:51   0:00 
C.J. Stretch             0  0  0   0  0   5  0  0  3  0  6/12   19:16   2:31   1:17 
Cody Beach               0  0  0   0  0   2  1  0  1  0  0/0    14:02   0:00   0:32 
Davis Drewiske           0  0  0   0  0   0  1  2  0  2  0/0    13:32   0:00   0:00 
Derek Forbort            0  0  0   0  0   1  4  1  0  2  0/0    22:46   2:23   2:14 
Evan Oberg               0  0  0   0  0   0  1  1  0  0  0/0     7:52   0:00   0:00 
Jared Knight             0  0  0   0  0   0  2  0  2  0  0/0     7:21   0:00   0:00 
Jason Jaffray            0  1  1   0  2   3  1  2  4  0  2/2    20:44   2:33   2:27 
Justin Falk              0  0  0   0  0   1  2  2  0  3  0/0    24:37   3:47   4:00 
Kevin Bieksa             1  0  1   0  0   6  2  5  3  4  0/0    28:42   3:47   4:00 
Luke Gazdic              0  0  0   0  10  3  1  2  6  0  0/1    18:36   2:04   3:15 
Matej Stransky           0  0  0   0  0   2  1  0  1  1  1/1    17:19   0:34   0:00 
Nathan Paetsch           0  0  0   0  0   3  1  1  0  3  0/0    22:46   2:23   2:14 
Taylor Doherty           0  0  0   0  10  0  0  0  0  1  0/0     9:43   0:00   0:00 
Taylor Peters            0  0  0   0  5   0  0  0  0  0  1/2    11:03   0:00   0:34 
Tom Kostopoulos          0  0  0   0  0   0  0  1  0  0  0/1    18:22   3:14   0:56 
William Karlsson         0  0  0   0  2   1  2  0  0  3  9/22   26:15   2:47   3:15 

Players Stats for Marlies

Player Name              G  A  P  +/- PIM S  H  SB GA TA FO     MP     PP MP  PK MP  
------------------------------------------------------------------------------------
Andrew Yogan             0  0  0   0  0   4  4  0  0  0  7/11   19:05   3:10   0:00 
Andy Miele               0  1  1   0  0   6  1  0  10 2  8/18   25:19   3:04   4:24 
Austen Brassard          0  0  0   0  0   0  1  0  3  1  0/0    19:14   3:10   0:00 
Brock McGinn             0  0  0   0  0   0  0  0  1  0  0/0     4:30   0:08   0:21 
Chad Nehring             0  0  0   0  0   0  1  0  2  0  4/5    15:07   0:00   0:00 
Colton Gillies           0  0  0   0  12  3  0  0  3  0  0/0    14:02   0:00   0:49 
David Shields            0  0  0   0  0   0  0  0  0  2  0/0    23:43   1:50   2:34 
Ian Schultz              0  0  0   0  2   1  1  0  0  0  0/0    15:06   0:00   0:00 
Jarred Tinordi           1  0  1   0  22  7  1  2  2  0  0/0    17:41   3:06   1:15 
Jonathon Blum            0  0  0   0  0   5  1  2  1  0  0/0    23:02   1:50   2:34 
Jordan Nolan             0  0  0   0  0   0  1  0  6  1  5/11   25:32   3:04   4:06 
Morgan Ellis             0  0  0   0  0   1  1  2  0  1  0/0    19:30   1:18   0:00 
Nicolas Deschamps        0  0  0   0  0   0  0  0  1  0  1/2     9:10   2:07   0:00 
Phil Di Giuseppe         0  0  0   0  5   1  1  0  1  0  0/0     5:38   0:00   0:24 
Rich Clune               0  0  0   0  12  3  5  0  2  0  0/0    15:40   0:55   1:19 
Ryan Carpenter           0  1  1   0  0   1  1  1  1  0  0/1    15:19   3:04   0:57 
Scott Harrington         0  0  0   0  0   4  1  2  0  5  0/0    28:57   4:24   3:36 
Travis Ehrhardt          0  0  0   0  0   1  0  1  1  1  0/0    17:05   0:00   2:21 

3 Stars

1 - Troy Grosenick (ONT)
2 - Scott Clemmensen (TOR)
3 - Kevin Bieksa (ONT)

Power Play

Reign - 1 on 4 Attempt(s) - 25.00%
Marlies - 1 on 4 Attempt(s) - 25.00%

Penalty Kill

Reign - 3 on 4 Attempt(s) - 75.00% - Score 0 goal in Penalty Kill
Marlies - 3 on 4 Attempt(s) - 75.00% - Score 0 goal in Penalty Kill

Team Stat

Reign - Hits : 20 - Faceoff Wins : 23 - Blocked Shots : 18 - Penalty Minutes : 43
Marlies - Hits : 20 - Faceoff Wins : 25 - Blocked Shots : 10 - Penalty Minutes : 53

Official

Referees : Unknown
Linesman : Unknown

Game Notes

Phil Di Giuseppe beats up Taylor Doherty at 6:42 of 1st period
Jarred Tinordi and Brian McGrattan fight to a draw at 6:52 of 1st period
Taylor Peters beats up Rich Clune at 7:31 of 2nd period
Colton Gillies beats up Taylor Doherty at 10:00 of 2nd period
Luke Gazdic beats up Jarred Tinordi at 0:08 of 3rd period
Colton Gillies and Brian McGrattan fight to a draw at 6:02 of 3rd period
Rich Clune and Luke Gazdic fight to a draw at 11:05 of 3rd period

Finance

Level 1 -- Attendance: 1593 (79.65%) -- Ticket Income $55,755
Level 2 -- Attendance: 763 (76.30%) -- Ticket Income $11,445
Total Attendance: 2356 (78.53%)
Total Ticket Income: $67,200
Other Income: $32,928
Total Income: $100,128

Reign

5 vs 5 Forward 
   Center                   Left Wing                Right Wing               Time % Phy DF OF 
 1 William Karlsson         Luke Gazdic              Tom Kostopoulos          35     1   2  2  
 2 Brett Olson              Jason Jaffray            Brian McGrattan          30     1   2  2  
 3 C.J. Stretch             Cody Beach               Matej Stransky           22     1   2  2  
 4 Taylor Peters            William Karlsson         Jared Knight             13     1   2  2  

5 vs 5 Defense 
   Defense                  Defense                                           Time % Phy DF OF 
 1 Kevin Bieksa             Justin Falk                                       35     1   2  2  
 2 Nathan Paetsch           Derek Forbort                                     30     1   2  2  
 3 Davis Drewiske           Taylor Doherty                                    22     1   2  2  
 4 Evan Oberg               Kevin Bieksa                                      13     1   2  2  

PowerPlay Forward 
   Center                   Left Wing                Right Wing               Time % Phy DF OF 
 1 William Karlsson         Luke Gazdic              Tom Kostopoulos          60     1   2  2  
 2 Brett Olson              Jason Jaffray            Brian McGrattan          40     1   2  2  

PowerPlay Defense
   Defense                  Defense                                           Time % Phy DF OF 
 1 Kevin Bieksa             Justin Falk                                       60     1   2  2  
 2 Nathan Paetsch           Derek Forbort                                     40     1   2  2  

Penalty Kill 4 Players Forward 
   Center                   Wing                     Time % Phy DF OF 
 1 William Karlsson         Luke Gazdic              60     1   2  2  
 2 Tom Kostopoulos          Jason Jaffray            40     1   2  2  

Penalty Kill 4 Players Defense
   Defense                  Defense                  Time % Phy DF OF 
 1 Kevin Bieksa             Justin Falk              60     1   2  2  
 2 Nathan Paetsch           Derek Forbort            40     1   2  2  

Penalty Kill - 3 Players Forward 
   Forward                                           Time % Phy DF OF 
 1 William Karlsson                                  60     1   2  2  
 2 Luke Gazdic                                       40     1   2  2  

Penalty Kill - 3 Players Defense
   Defense                  Defense                  Time % Phy DF OF 
 1 Kevin Bieksa             Justin Falk              60     1   2  2  
 2 Nathan Paetsch           Derek Forbort            40     1   2  2  

4 vs 4 Forward 
   Center                   Wing                     Time % Phy DF OF 
 1 William Karlsson         Luke Gazdic              60     1   2  2  
 2 Tom Kostopoulos          Jason Jaffray            40     1   2  2  

4 vs 4 Defense
   Defense                  Defense                  Time % Phy DF OF 
 1 Kevin Bieksa             Justin Falk              60     1   2  2  
 2 Nathan Paetsch           Derek Forbort            40     1   2  2  

Last Minutes Offensive
   Center                   Left Wing                Right Wing               Defense                  Defense                  
   William Karlsson         Luke Gazdic              Tom Kostopoulos          Kevin Bieksa             Justin Falk              

Last Minutes Defensive
   Center                   Left Wing                Right Wing               Defense                  Defense                  
   William Karlsson         Luke Gazdic              Tom Kostopoulos          Kevin Bieksa             Justin Falk              

Goaltenders
Starting : Troy Grosenick           
Backup : Anthony Peters           

Extra Forwards
Normal : C.J. Stretch, Matej Stransky, Taylor Peters - PP : C.J. Stretch, Matej Stransky - PK : Taylor Peters
Extra Defensemen
Normal : Davis Drewiske, Taylor Doherty, Evan Oberg - PP : Davis Drewiske - PK : Taylor Doherty, Evan Oberg
Penalty Shots
William Karlsson, Luke Gazdic, Tom Kostopoulos, Jason Jaffray, Brian McGrattan

Marlies

5 vs 5 Forward 
   Center                   Left Wing                Right Wing               Time % Phy DF OF 
 1 Andy Miele               Jordan Nolan             Ryan Carpenter           35     1   2  2  
 2 Andrew Yogan             Rich Clune               Austen Brassard          30     1   2  2  
 3 Chad Nehring             Colton Gillies           Ian Schultz              22     1   2  2  
 4 Jordan Nolan             Phil Di Giuseppe         Andy Miele               13     1   2  2  

5 vs 5 Defense 
   Defense                  Defense                                           Time % Phy DF OF 
 1 Jarred Tinordi           Scott Harrington                                  35     1   2  2  
 2 Jonathon Blum            David Shields                                     30     1   2  2  
 3 Morgan Ellis             Travis Ehrhardt                                   22     1   2  2  
 4 Jarred Tinordi           Scott Harrington                                  13     1   2  2  

PowerPlay Forward 
   Center                   Left Wing                Right Wing               Time % Phy DF OF 
 1 Andy Miele               Jordan Nolan             Ryan Carpenter           60     1   2  2  
 2 Andrew Yogan             Rich Clune               Austen Brassard          40     1   2  2  

PowerPlay Defense
   Defense                  Defense                                           Time % Phy DF OF 
 1 Jarred Tinordi           Scott Harrington                                  60     1   2  2  
 2 Jonathon Blum            David Shields                                     40     1   2  2  

Penalty Kill 4 Players Forward 
   Center                   Wing                     Time % Phy DF OF 
 1 Jordan Nolan             Andy Miele               60     1   2  2  
 2 Rich Clune               Colton Gillies           40     1   2  2  

Penalty Kill 4 Players Defense
   Defense                  Defense                  Time % Phy DF OF 
 1 Jarred Tinordi           Scott Harrington         60     1   2  2  
 2 Jonathon Blum            David Shields            40     1   2  2  

Penalty Kill - 3 Players Forward 
   Forward                                           Time % Phy DF OF 
 1 Jordan Nolan                                      60     1   2  2  
 2 Andy Miele                                        40     1   2  2  

Penalty Kill - 3 Players Defense
   Defense                  Defense                  Time % Phy DF OF 
 1 Jarred Tinordi           Scott Harrington         60     1   2  2  
 2 Jonathon Blum            David Shields            40     1   2  2  

4 vs 4 Forward 
   Center                   Wing                     Time % Phy DF OF 
 1 Jordan Nolan             Andy Miele               60     1   2  2  
 2 Rich Clune               Colton Gillies           40     1   2  2  

4 vs 4 Defense
   Defense                  Defense                  Time % Phy DF OF 
 1 Jarred Tinordi           Scott Harrington         60     1   2  2  
 2 Jonathon Blum            David Shields            40     1   2  2  

Last Minutes Offensive
   Center                   Left Wing                Right Wing               Defense                  Defense                  
   Andy Miele               Jordan Nolan             Ryan Carpenter           Jarred Tinordi           Scott Harrington         

Last Minutes Defensive
   Center                   Left Wing                Right Wing               Defense                  Defense                  
   Andy Miele               Jordan Nolan             Ryan Carpenter           Jarred Tinordi           Scott Harrington         

Goaltenders
Starting : Scott Clemmensen         
Backup : Dustin Tokarski          

Extra Forwards
Normal : Nicolas Deschamps, Brock McGinn, Phil Di Giuseppe - PP : Nicolas Deschamps, Brock McGinn - PK : Phil Di Giuseppe
Extra Defensemen
Normal : Morgan Ellis, Travis Ehrhardt, Jonathon Blum - PP : Morgan Ellis - PK : Travis Ehrhardt, Jonathon Blum
Penalty Shots
Jordan Nolan, Andy Miele, Rich Clune, Colton Gillies, Ryan Carpenter

% Time on Ice - Reign

Lines # - Real PCT - Wanted PCT - Time Play
Normal Forward
1 - 28% - 35% - 13:09
2 - 31% - 30% - 14:37
3 - 26% - 22% - 12:29
4 - 15% - 13% - 7:21
Normal Defense
1 - 30% - 35% - 14:10
2 - 33% - 30% - 15:49
3 - 28% - 22% - 13:32
4 - 9% - 13% - 4:05
PP Forward
1 - 52% - 60% - 3:14
2 - 48% - 40% - 2:56
PP Defense
1 - 61% - 60% - 3:47
2 - 39% - 40% - 2:23
PK Forward
1 - 85% - 60% - 5:18
2 - 15% - 40% - 0:56
PK Defense
1 - 64% - 60% - 4:00
2 - 36% - 40% - 2:14
PK3 Forward
1 - 0% - 60%
2 - 0% - 40%
PK3 Defense
1 - 0% - 60%
2 - 0% - 40%
44 Forward
1 - 87% - 60% - 4:20
2 - 13% - 40% - 0:40
44 Defense
1 - 53% - 60% - 2:40
2 - 47% - 40% - 2:20
Last Minute Offensive  - 0:00
Last Minute Defensive  - 0:00
Total
Forward - 65:00
Defense - 65:00

% Time on Ice - Marlies

Lines # - Real PCT - Wanted PCT - Time Play
Normal Forward
1 - 24% - 35% - 11:28
2 - 33% - 30% - 15:55
3 - 32% - 22% - 15:07
4 - 11% - 13% - 5:06
Normal Defense
1 - 32% - 35% - 15:04
2 - 35% - 30% - 16:37
3 - 27% - 22% - 12:41
4 - 7% - 13% - 3:14
PP Forward
1 - 49% - 60% - 3:04
2 - 51% - 40% - 3:10
PP Defense
1 - 71% - 60% - 4:24
2 - 29% - 40% - 1:50
PK Forward
1 - 79% - 60% - 4:51
2 - 21% - 40% - 1:19
PK Defense
1 - 58% - 60% - 3:36
2 - 42% - 40% - 2:34
PK3 Forward
1 - 0% - 60%
2 - 0% - 40%
PK3 Defense
1 - 0% - 60%
2 - 0% - 40%
44 Forward
1 - 97% - 60% - 4:51
2 - 3% - 40% - 0:09
44 Defense
1 - 60% - 60% - 2:59
2 - 40% - 40% - 2:01
Last Minute Offensive  - 0:00
Last Minute Defensive  - 0:00
Total
Forward - 65:00
Defense - 65:00

Play by Play

1st period


0:01 of 1st period - William Karlsson wins face-off versus Andy Miele in neutral zone.
0:34 of 1st period - Off-side.
0:35 of 1st period - Brian McGrattan wins face-off versus Andrew Yogan in neutral zone.
1:03 of 1st period - Minor Penalty to Brian McGrattan for Holding.
1:04 of 1st period - William Karlsson wins face-off versus Andy Miele in Reign zone.
1:04 of 1st period - William Karlsson is hit by Scott Harrington.
1:09 of 1st period - Slapshot by Justin Falk.
1:09 of 1st period - Deflect By Luke Gazdic.
1:09 of 1st period - Stopped by Scott Clemmensen with a rebound.
1:21 of 1st period - Slapshot by Jarred Tinordi.
1:21 of 1st period - Shot Blocked by Luke Gazdic.
1:23 of 1st period - Slapshot by Jarred Tinordi.
1:23 of 1st period - Shot Misses the Net.
1:55 of 1st period - Justin Falk is hit by Rich Clune and loses puck.
2:18 of 1st period - Slapshot by Jonathon Blum.
2:18 of 1st period - Deflect By Rich Clune.
2:18 of 1st period - Stopped by Troy Grosenick without a rebound.
2:19 of 1st period - Andy Miele wins face-off versus William Karlsson in Reign zone.
2:30 of 1st period - Snap shot by Andy Miele.
2:30 of 1st period - Stopped by Troy Grosenick with a rebound.
2:32 of 1st period - Slapshot by Jonathon Blum.
2:32 of 1st period - Stopped by Troy Grosenick with a rebound.
2:34 of 1st period - Wrist shot by Andy Miele.
2:34 of 1st period - Stopped by Troy Grosenick with a rebound.
2:56 of 1st period - Slapshot by Jonathon Blum.
2:56 of 1st period - Stopped by Troy Grosenick with a rebound.
2:58 of 1st period - Snap shot by Andrew Yogan.
2:58 of 1st period - Stopped by Troy Grosenick with a rebound.
3:00 of 1st period - Snap shot by Jarred Tinordi.
3:00 of 1st period - Shot Misses the Net.
3:03 of 1st period - Penalty to Brian McGrattan is over, Brian McGrattan is back on ice.
3:12 of 1st period - Snap shot by Colton Gillies.
3:12 of 1st period - Shot Blocked by Derek Forbort.
3:26 of 1st period - Wrist shot by Colton Gillies.
3:26 of 1st period - Stopped by Troy Grosenick with a rebound.
3:28 of 1st period - Wrist shot by Jarred Tinordi.
3:28 of 1st period - Stopped by Troy Grosenick with a rebound.
4:31 of 1st period - Matej Stransky is hit by Andrew Yogan and loses puck.
4:56 of 1st period - Slapshot by Kevin Bieksa.
4:56 of 1st period - Stopped by Scott Clemmensen with a rebound.
4:58 of 1st period - Wrist shot by Kevin Bieksa.
4:58 of 1st period - Stopped by Scott Clemmensen with a rebound.
5:24 of 1st period - Colton Gillies is hit by Brian McGrattan and loses puck.
5:39 of 1st period - Snap shot by Kevin Bieksa.
5:39 of 1st period - Shot Blocked by Morgan Ellis.
5:47 of 1st period - Wrist shot by William Karlsson.
5:47 of 1st period - Stopped by Scott Clemmensen with a rebound.
5:53 of 1st period - Travis Ehrhardt is hit by Luke Gazdic and loses puck.
6:16 of 1st period - Icing by Kevin Bieksa.
6:17 of 1st period - Andrew Yogan wins face-off versus C.J. Stretch in Reign zone.
6:34 of 1st period - Davis Drewiske is hit by Andy Miele and loses puck.
6:42 of 1st period - Phil Di Giuseppe beats up Taylor Doherty.
6:42 of 1st period - Penalty to Phil Di Giuseppe for Fighting.
6:42 of 1st period - Penalty to Taylor Doherty for Fighting.
6:43 of 1st period - Andrew Yogan wins face-off versus Brett Olson in Marlies zone.
6:49 of 1st period - Wrist shot by Jason Jaffray.
6:49 of 1st period - Stopped by Scott Clemmensen with a rebound.
6:52 of 1st period - Jarred Tinordi and Brian McGrattan fight to a draw.
6:52 of 1st period - Penalty to Jarred Tinordi for Fighting.
6:52 of 1st period - Penalty to Brian McGrattan for Fighting.
6:53 of 1st period - Andy Miele wins face-off versus C.J. Stretch in Marlies zone.
7:48 of 1st period - Jason Jaffray is hit by Rich Clune and loses puck.
8:42 of 1st period - Minor Penalty to Colton Gillies for Hooking.
8:43 of 1st period - Jordan Nolan wins face-off versus William Karlsson in Marlies zone.
9:23 of 1st period - Backhand shot by Kevin Bieksa.
9:23 of 1st period - Shot Blocked by Scott Harrington.
9:59 of 1st period - Andy Miele is hit by Derek Forbort and loses puck.
10:42 of 1st period - Penalty to Colton Gillies is over, Colton Gillies is back on ice.
11:58 of 1st period - Davis Drewiske is hit by Andrew Yogan and loses puck.
12:13 of 1st period - Ian Schultz is hit by Davis Drewiske and loses puck.
12:59 of 1st period - Jordan Nolan is hit by Cody Beach and loses puck.
13:55 of 1st period - Slapshot by Jarred Tinordi.
13:55 of 1st period - Shot Misses the Net.
14:11 of 1st period - Slapshot by Andy Miele.
14:11 of 1st period - Shot Hit the Post.
15:19 of 1st period - Chad Nehring is hit by Justin Falk and loses puck.
16:58 of 1st period - Wrist shot by Colton Gillies.
16:58 of 1st period - Stopped by Troy Grosenick without a rebound.
16:59 of 1st period - Chad Nehring wins face-off versus William Karlsson in Reign zone.
17:37 of 1st period - Wrist shot by Ryan Carpenter.
17:37 of 1st period - Shot Blocked by Kevin Bieksa.
17:56 of 1st period - Snap shot by Cody Beach.
17:56 of 1st period - Stopped by Scott Clemmensen without a rebound.
17:57 of 1st period - Andrew Yogan wins face-off versus C.J. Stretch in Marlies zone.
18:17 of 1st period - Jason Jaffray is hit by Rich Clune and loses puck.
18:38 of 1st period - Snap shot by Colton Gillies.
18:38 of 1st period - Deflect By Chad Nehring.
18:38 of 1st period - Shot Blocked by Davis Drewiske.
18:38 of 1st period - Puck is out of play.
18:39 of 1st period - Chad Nehring wins face-off versus C.J. Stretch in Reign zone.
18:58 of 1st period - Derek Forbort is hit by Jarred Tinordi and loses puck.
19:35 of 1st period - Rich Clune is hit by Nathan Paetsch and loses puck.
Goals for this period are 0 for Reign vs 0 for Marlies.
Shots for this period are 6 for Reign vs 9 for Marlies.

2nd period


0:01 of 2nd period - William Karlsson wins face-off versus Andy Miele in neutral zone.
0:04 of 2nd period - Slapshot by Kevin Bieksa.
0:04 of 2nd period - Stopped by Scott Clemmensen without a rebound.
0:05 of 2nd period - William Karlsson wins face-off versus Andy Miele in Marlies zone.
2:17 of 2nd period - Davis Drewiske is hit by Phil Di Giuseppe and loses puck.
2:28 of 2nd period - Wrist shot by Phil Di Giuseppe.
2:28 of 2nd period - Shot Blocked by Davis Drewiske.
2:34 of 2nd period - Jordan Nolan is hit by Matej Stransky.
3:02 of 2nd period - Snap shot by Andrew Yogan.
3:02 of 2nd period - Stopped by Troy Grosenick with a rebound.
3:52 of 2nd period - Backhand shot by Kevin Bieksa.
3:52 of 2nd period - Stopped by Scott Clemmensen without a rebound.
3:53 of 2nd period - Brett Olson wins face-off versus Andy Miele in Marlies zone.
4:35 of 2nd period - Rich Clune is hit by Derek Forbort and loses puck.
4:42 of 2nd period - William Karlsson is hit by Rich Clune and loses puck.
6:13 of 2nd period - Snap shot by Jason Jaffray.
6:13 of 2nd period - Shot Misses the Net.
6:15 of 2nd period - Slapshot by Taylor Doherty.
6:15 of 2nd period - Deflect By Brian McGrattan.
6:15 of 2nd period - Stopped by Scott Clemmensen with a rebound.
6:17 of 2nd period - Backhand shot by Jason Jaffray.
6:17 of 2nd period - Shot Blocked by Jonathon Blum.
6:37 of 2nd period - Wrist shot by Luke Gazdic.
6:37 of 2nd period - Stopped by Scott Clemmensen with a rebound.
6:39 of 2nd period - Slapshot by Tom Kostopoulos.
6:39 of 2nd period - Shot Misses the Net.
6:59 of 2nd period - Matej Stransky is hit by Jordan Nolan and loses puck.
7:31 of 2nd period - Taylor Peters beats up Rich Clune.
7:31 of 2nd period - Penalty to Rich Clune for Fighting.
7:31 of 2nd period - Penalty to Taylor Peters for Fighting.
7:32 of 2nd period - Andrew Yogan wins face-off versus Brett Olson in Reign zone.
7:42 of 2nd period - Wrist shot by Andrew Yogan.
7:42 of 2nd period - Shot Blocked by Brett Olson.
7:44 of 2nd period - Slapshot by Morgan Ellis.
7:44 of 2nd period - Stopped by Troy Grosenick with a rebound.
7:46 of 2nd period - Slapshot by Austen Brassard.
7:46 of 2nd period - Shot Misses the Net.
7:55 of 2nd period - Minor Penalty to Jason Jaffray for Interference.
7:56 of 2nd period - Andy Miele wins face-off versus William Karlsson in Reign zone.
7:56 of 2nd period - Slapshot by Jarred Tinordi.
7:56 of 2nd period - Stopped by Troy Grosenick without a rebound.
7:57 of 2nd period - William Karlsson wins face-off versus Andy Miele in Reign zone.
8:06 of 2nd period - Slapshot by Andy Miele.
8:06 of 2nd period - Shot Misses the Net.
8:08 of 2nd period - Wrist shot by Andy Miele.
8:08 of 2nd period - Shot Misses the Net.
8:10 of 2nd period - Snap shot by Ryan Carpenter.
8:10 of 2nd period - Shot Misses the Net.
8:12 of 2nd period - Slapshot by Jarred Tinordi.
8:12 of 2nd period - Goal by Jarred Tinordi - Reign : 0 - Marlies : 1.
8:13 of 2nd period - Andrew Yogan wins face-off versus Luke Gazdic in neutral zone.
8:16 of 2nd period - Snap shot by Jarred Tinordi.
8:16 of 2nd period - Deflect By Andrew Yogan.
8:16 of 2nd period - Stopped by Troy Grosenick with a rebound.
9:25 of 2nd period - Snap shot by Ryan Carpenter.
9:25 of 2nd period - Shot Misses the Net.
9:27 of 2nd period - Snap shot by Ryan Carpenter.
9:27 of 2nd period - Shot Blocked by Nathan Paetsch.
10:00 of 2nd period - Colton Gillies beats up Taylor Doherty.
10:00 of 2nd period - Penalty to Colton Gillies for Fighting.
10:00 of 2nd period - Penalty to Taylor Doherty for Fighting.
10:01 of 2nd period - C.J. Stretch wins face-off versus Andrew Yogan in Marlies zone.
10:22 of 2nd period - Slapshot by Andrew Yogan.
10:22 of 2nd period - Stopped by Troy Grosenick with a rebound.
10:32 of 2nd period - Slapshot by Kevin Bieksa.
10:32 of 2nd period - Deflect By Scott Harrington.
10:32 of 2nd period - Stopped by Scott Clemmensen without a rebound.
10:33 of 2nd period - Andy Miele wins face-off versus Brett Olson in Marlies zone.
10:33 of 2nd period - Andy Miele is hit by Evan Oberg.
10:59 of 2nd period - Slapshot by Ryan Carpenter.
10:59 of 2nd period - Shot Blocked by Jason Jaffray.
11:01 of 2nd period - Wrist shot by Travis Ehrhardt.
11:01 of 2nd period - Shot Misses the Net.
11:05 of 2nd period - Slapshot by Ryan Carpenter.
11:05 of 2nd period - Stopped by Troy Grosenick with a rebound.
11:07 of 2nd period - Slapshot by Travis Ehrhardt.
11:07 of 2nd period - Shot Misses the Net.
11:15 of 2nd period - Minor Penalty to Brian McGrattan for Hooking.
11:16 of 2nd period - Andrew Yogan wins face-off versus William Karlsson in Reign zone.
11:17 of 2nd period - Slapshot by Jarred Tinordi.
11:17 of 2nd period - Shot Misses the Net.
11:23 of 2nd period - Wrist shot by Andrew Yogan.
11:23 of 2nd period - Shot Blocked by Justin Falk.
11:25 of 2nd period - Backhand shot by Scott Harrington.
11:25 of 2nd period - Deflect By Nicolas Deschamps.
11:25 of 2nd period - Shot Blocked by Kevin Bieksa.
11:25 of 2nd period - Puck is out of play.
11:26 of 2nd period - Andrew Yogan wins face-off versus William Karlsson in Reign zone.
11:39 of 2nd period - Snap shot by Austen Brassard.
11:39 of 2nd period - Shot Misses the Net.
11:41 of 2nd period - Wrist shot by Jarred Tinordi.
11:41 of 2nd period - Stopped by Troy Grosenick without a rebound.
11:42 of 2nd period - Andy Miele wins face-off versus William Karlsson in Reign zone.
12:31 of 2nd period - Penalty to Taylor Peters is over, Taylor Peters is back on ice.
13:15 of 2nd period - Penalty to Brian McGrattan is over, Brian McGrattan is back on ice.
13:20 of 2nd period - Off-side.
13:21 of 2nd period - Andy Miele wins face-off versus C.J. Stretch in neutral zone.
13:45 of 2nd period - Wrist shot by Matej Stransky.
13:45 of 2nd period - Stopped by Scott Clemmensen with a rebound.
14:33 of 2nd period - Snap shot by Ian Schultz.
14:33 of 2nd period - Stopped by Troy Grosenick with a rebound.
14:35 of 2nd period - Slapshot by Travis Ehrhardt.
14:35 of 2nd period - Shot Misses the Net.
14:37 of 2nd period - Slapshot by Morgan Ellis.
14:37 of 2nd period - Shot Misses the Net.
15:05 of 2nd period - Slapshot by Jarred Tinordi.
15:05 of 2nd period - Stopped by Troy Grosenick with a rebound.
15:07 of 2nd period - Slapshot by Jarred Tinordi.
15:07 of 2nd period - Stopped by Troy Grosenick without a rebound.
15:08 of 2nd period - Chad Nehring wins face-off versus Taylor Peters in Reign zone.
15:09 of 2nd period - Slapshot by Jarred Tinordi.
15:09 of 2nd period - Shot Blocked by Justin Falk.
15:11 of 2nd period - Snap shot by Colton Gillies.
15:11 of 2nd period - Deflect By Kevin Bieksa.
15:11 of 2nd period - Stopped by Troy Grosenick with a rebound.
15:13 of 2nd period - Slapshot by Scott Harrington.
15:13 of 2nd period - Shot Blocked by Kevin Bieksa.
15:29 of 2nd period - Slapshot by Jonathon Blum.
15:29 of 2nd period - Stopped by Troy Grosenick with a rebound.
15:31 of 2nd period - Slapshot by David Shields.
15:31 of 2nd period - Shot Misses the Net.
15:51 of 2nd period - Wrist shot by Rich Clune.
15:51 of 2nd period - Stopped by Troy Grosenick without a rebound.
15:52 of 2nd period - C.J. Stretch wins face-off versus Andrew Yogan in Reign zone.
15:52 of 2nd period - C.J. Stretch is hit by Morgan Ellis.
16:04 of 2nd period - Snap shot by Cody Beach.
16:04 of 2nd period - Stopped by Scott Clemmensen with a rebound.
17:24 of 2nd period - Slapshot by Jarred Tinordi.
17:24 of 2nd period - Stopped by Troy Grosenick without a rebound.
17:25 of 2nd period - Taylor Peters wins face-off versus Ryan Carpenter in Reign zone.
17:30 of 2nd period - Jordan Nolan is hit by Jared Knight and loses puck.
18:16 of 2nd period - Slapshot by Matej Stransky.
18:16 of 2nd period - Shot Misses the Net.
19:12 of 2nd period - Slapshot by Jonathon Blum.
19:12 of 2nd period - Shot Blocked by Evan Oberg.
19:14 of 2nd period - Wrist shot by Jonathon Blum.
19:14 of 2nd period - Shot Blocked by Luke Gazdic.
19:16 of 2nd period - Slapshot by Jonathon Blum.
19:16 of 2nd period - Shot Blocked by Kevin Bieksa.
19:26 of 2nd period - Austen Brassard is hit by William Karlsson and loses puck.
19:38 of 2nd period - Kevin Bieksa is hit by Austen Brassard and loses puck.
19:59 of 2nd period - Snap shot by Phil Di Giuseppe.
19:59 of 2nd period - Shot Misses the Net.
Goals for this period are 0 for Reign vs 1 for Marlies.
Shots for this period are 7 for Reign vs 15 for Marlies.

3rd period


0:01 of 3rd period - Andy Miele wins face-off versus William Karlsson in neutral zone.
0:08 of 3rd period - Luke Gazdic beats up Jarred Tinordi.
0:08 of 3rd period - Penalty to Jarred Tinordi for Fighting.
0:08 of 3rd period - Penalty to Luke Gazdic for Fighting.
0:08 of 3rd period - Penalty to Jarred Tinordi for instigated a fight.
0:08 of 3rd period - Penalty to Jarred Tinordi for instigated a fight.
0:09 of 3rd period - Jordan Nolan wins face-off versus William Karlsson in Reign zone.
0:10 of 3rd period - Snap shot by Andy Miele.
0:10 of 3rd period - Shot Misses the Net.
0:16 of 3rd period - Slapshot by Andy Miele.
0:16 of 3rd period - Shot Blocked by Tom Kostopoulos.
0:18 of 3rd period - Slapshot by Travis Ehrhardt.
0:18 of 3rd period - Shot Misses the Net.
0:20 of 3rd period - Slapshot by Scott Harrington.
0:20 of 3rd period - Stopped by Troy Grosenick with a rebound.
0:22 of 3rd period - Wrist shot by Andy Miele.
0:22 of 3rd period - Deflect By Jordan Nolan.
0:22 of 3rd period - Shot Misses the Net.
0:22 of 3rd period - Puck is out of play.
0:23 of 3rd period - Jordan Nolan wins face-off versus William Karlsson in Reign zone.
0:27 of 3rd period - Wrist shot by Scott Harrington.
0:27 of 3rd period - Stopped by Troy Grosenick with a rebound.
0:29 of 3rd period - Slapshot by Andy Miele.
0:29 of 3rd period - Shot Misses the Net.
1:04 of 3rd period - Snap shot by Jason Jaffray.
1:04 of 3rd period - Stopped by Scott Clemmensen with a rebound.
1:16 of 3rd period - Snap shot by Jason Jaffray.
1:16 of 3rd period - Stopped by Scott Clemmensen without a rebound.
1:17 of 3rd period - Jordan Nolan wins face-off versus William Karlsson in Marlies zone.
1:28 of 3rd period - Andy Miele is hit by William Karlsson.
2:02 of 3rd period - Slapshot by Jonathon Blum.
2:02 of 3rd period - Shot Hit the Post.
2:04 of 3rd period - Snap shot by Ryan Carpenter.
2:04 of 3rd period - Shot Misses the Net.
2:06 of 3rd period - Snap shot by Phil Di Giuseppe.
2:06 of 3rd period - Stopped by Troy Grosenick with a rebound.
2:08 of 3rd period - Penalty to Jarred Tinordi is over, Austen Brassard is send on ice.
2:08 of 3rd period - Slapshot by Scott Harrington.
2:08 of 3rd period - Shot Misses the Net.
2:10 of 3rd period - Slapshot by Scott Harrington.
2:10 of 3rd period - Stopped by Troy Grosenick with a rebound.
2:12 of 3rd period - Slapshot by Travis Ehrhardt.
2:12 of 3rd period - Shot Blocked by Jason Jaffray.
2:14 of 3rd period - Slapshot by Phil Di Giuseppe.
2:14 of 3rd period - Shot Misses the Net.
2:16 of 3rd period - Slapshot by Travis Ehrhardt.
2:16 of 3rd period - Stopped by Troy Grosenick without a rebound.
2:17 of 3rd period - C.J. Stretch wins face-off versus Andrew Yogan in Reign zone.
2:24 of 3rd period - Slapshot by Justin Falk.
2:24 of 3rd period - Shot Blocked by Morgan Ellis.
2:26 of 3rd period - Slapshot by Justin Falk.
2:26 of 3rd period - Deflect By C.J. Stretch.
2:26 of 3rd period - Stopped by Scott Clemmensen with a rebound.
2:28 of 3rd period - Wrist shot by C.J. Stretch.
2:28 of 3rd period - Stopped by Scott Clemmensen with a rebound.
3:14 of 3rd period - David Shields is hit by Jared Knight and loses puck.
3:40 of 3rd period - Slapshot by Jason Jaffray.
3:40 of 3rd period - Shot Misses the Net.
4:04 of 3rd period - Snap shot by Jordan Nolan.
4:04 of 3rd period - Shot Misses the Net.
4:20 of 3rd period - Wrist shot by Rich Clune.
4:20 of 3rd period - Stopped by Troy Grosenick with a rebound.
4:36 of 3rd period - Wrist shot by Andy Miele.
4:36 of 3rd period - Stopped by Troy Grosenick without a rebound.
4:37 of 3rd period - C.J. Stretch wins face-off versus Jordan Nolan in Reign zone.
5:38 of 3rd period - Minor Penalty to Rich Clune for Hooking.
5:39 of 3rd period - Brett Olson wins face-off versus Jordan Nolan in Marlies zone.
5:49 of 3rd period - Slapshot by Kevin Bieksa.
5:49 of 3rd period - Shot Blocked by Jonathon Blum.
5:51 of 3rd period - Slapshot by Kevin Bieksa.
5:51 of 3rd period - Goal by Kevin Bieksa - Reign : 1 - Marlies : 1.
5:52 of 3rd period - Brett Olson wins face-off versus Chad Nehring in neutral zone.
6:02 of 3rd period - Colton Gillies and Brian McGrattan fight to a draw.
6:02 of 3rd period - Penalty to Colton Gillies for Fighting.
6:02 of 3rd period - Penalty to Brian McGrattan for Fighting.
6:03 of 3rd period - William Karlsson wins face-off versus Andy Miele in Marlies zone.
6:49 of 3rd period - Andrew Yogan is hit by Justin Falk and loses puck.
7:14 of 3rd period - Snap shot by Jason Jaffray.
7:14 of 3rd period - Shot Misses the Net.
7:16 of 3rd period - Slapshot by Derek Forbort.
7:16 of 3rd period - Stopped by Scott Clemmensen with a rebound.
7:18 of 3rd period - Wrist shot by Nathan Paetsch.
7:18 of 3rd period - Stopped by Scott Clemmensen without a rebound.
7:19 of 3rd period - Chad Nehring wins face-off versus C.J. Stretch in Marlies zone.
8:06 of 3rd period - Brett Olson is hit by Ian Schultz.
8:10 of 3rd period - Jonathon Blum is hit by Derek Forbort and loses puck.
8:25 of 3rd period - Kevin Bieksa is hit by Chad Nehring and loses puck.
9:43 of 3rd period - Taylor Doherty is hit by Andrew Yogan and loses puck.
10:53 of 3rd period - Cody Beach is hit by Rich Clune and loses puck.
11:05 of 3rd period - Rich Clune and Luke Gazdic fight to a draw.
11:05 of 3rd period - Penalty to Rich Clune for Fighting.
11:05 of 3rd period - Penalty to Luke Gazdic for Fighting.
11:06 of 3rd period - Andy Miele wins face-off versus Tom Kostopoulos in neutral zone.
12:07 of 3rd period - Jonathon Blum is hit by Jason Jaffray and loses puck.
12:44 of 3rd period - Morgan Ellis is hit by Derek Forbort and loses puck.
12:59 of 3rd period - William Karlsson is hit by Andrew Yogan and loses puck.
13:30 of 3rd period - Minor Penalty to William Karlsson for Goalie Interference.
13:31 of 3rd period - Jason Jaffray wins face-off versus Andy Miele in Reign zone.
13:36 of 3rd period - Icing by Scott Harrington.
13:37 of 3rd period - Jason Jaffray wins face-off versus Andy Miele in Marlies zone.
13:48 of 3rd period - Snap shot by Jason Jaffray.
13:48 of 3rd period - Shot Blocked by Ryan Carpenter.
14:43 of 3rd period - C.J. Stretch is hit by Ryan Carpenter and loses puck.
15:08 of 3rd period - 10 Minutes Misconduct Penalty to Jarred Tinordi is over.
15:30 of 3rd period - Penalty to William Karlsson is over, William Karlsson is back on ice.
15:38 of 3rd period - Wrist shot by Jonathon Blum.
15:38 of 3rd period - Stopped by Troy Grosenick with a rebound.
16:14 of 3rd period - Minor Penalty to Ian Schultz for Tripping.
16:15 of 3rd period - William Karlsson wins face-off versus Jordan Nolan in Marlies zone.
16:53 of 3rd period - Jarred Tinordi is hit by Kevin Bieksa and loses puck.
17:33 of 3rd period - Wrist shot by Brian McGrattan.
17:33 of 3rd period - Stopped by Scott Clemmensen with a rebound.
17:35 of 3rd period - Slapshot by Nathan Paetsch.
17:35 of 3rd period - Stopped by Scott Clemmensen with a rebound.
17:39 of 3rd period - Slapshot by Brian McGrattan.
17:39 of 3rd period - Shot Misses the Net.
17:58 of 3rd period - Snap shot by Luke Gazdic.
17:58 of 3rd period - Deflect By Tom Kostopoulos.
17:58 of 3rd period - Shot Misses the Net.
17:58 of 3rd period - Puck is out of play.
17:59 of 3rd period - Matej Stransky wins face-off versus Jordan Nolan in Marlies zone.
18:14 of 3rd period - Penalty to Ian Schultz is over, Ian Schultz is back on ice.
18:52 of 3rd period - Backhand shot by C.J. Stretch.
18:52 of 3rd period - Stopped by Scott Clemmensen with a rebound.
18:54 of 3rd period - Wrist shot by C.J. Stretch.
18:54 of 3rd period - Shot Blocked by Travis Ehrhardt.
18:56 of 3rd period - Wrist shot by C.J. Stretch.
18:56 of 3rd period - Shot Misses the Net.
18:58 of 3rd period - Snap shot by C.J. Stretch.
18:58 of 3rd period - Stopped by Scott Clemmensen with a rebound.
19:28 of 3rd period - Wrist shot by Andy Miele.
19:28 of 3rd period - Stopped by Troy Grosenick without a rebound.
19:29 of 3rd period - William Karlsson wins face-off versus Andy Miele in Reign zone.
Goals for this period are 1 for Reign vs 0 for Marlies.
Shots for this period are 11 for Reign vs 9 for Marlies.

Overtime #1


0:01 of 1st overtime period - William Karlsson wins face-off versus Jordan Nolan in neutral zone.
0:04 of 1st overtime period - Wrist shot by Kevin Bieksa.
0:04 of 1st overtime period - Shot Blocked by Jarred Tinordi.
0:17 of 1st overtime period - Slapshot by Jarred Tinordi.
0:17 of 1st overtime period - Shot Blocked by Kevin Bieksa.
0:19 of 1st overtime period - Slapshot by Jarred Tinordi.
0:19 of 1st overtime period - Deflect By Andy Miele.
0:19 of 1st overtime period - Stopped by Troy Grosenick with a rebound.
0:21 of 1st overtime period - Slapshot by Scott Harrington.
0:21 of 1st overtime period - Stopped by Troy Grosenick with a rebound.
1:12 of 1st overtime period - Jonathon Blum is hit by Kevin Bieksa and loses puck.
1:17 of 1st overtime period - Wrist shot by Luke Gazdic.
1:17 of 1st overtime period - Stopped by Scott Clemmensen with a rebound.
1:45 of 1st overtime period - Derek Forbort is hit by Jonathon Blum and loses puck.
1:54 of 1st overtime period - Slapshot by Nathan Paetsch.
1:54 of 1st overtime period - Stopped by Scott Clemmensen without a rebound.
1:55 of 1st overtime period - C.J. Stretch wins face-off versus Jordan Nolan in Marlies zone.
2:00 of 1st overtime period - Snap shot by C.J. Stretch.
2:00 of 1st overtime period - Stopped by Scott Clemmensen with a rebound.
2:02 of 1st overtime period - Slapshot by Derek Forbort.
2:02 of 1st overtime period - Shot Blocked by Scott Harrington.
2:04 of 1st overtime period - Slapshot by Derek Forbort.
2:04 of 1st overtime period - Shot Blocked by Jarred Tinordi.
2:06 of 1st overtime period - Snap shot by Derek Forbort.
2:06 of 1st overtime period - Deflect By Matej Stransky.
2:06 of 1st overtime period - Stopped by Scott Clemmensen without a rebound.
2:07 of 1st overtime period - Jordan Nolan wins face-off versus William Karlsson in Marlies zone.
2:21 of 1st overtime period - Icing by Derek Forbort.
2:22 of 1st overtime period - Nicolas Deschamps wins face-off versus William Karlsson in Reign zone.
2:36 of 1st overtime period - Icing by Jarred Tinordi.
2:37 of 1st overtime period - C.J. Stretch wins face-off versus Nicolas Deschamps in Marlies zone.
2:40 of 1st overtime period - Slapshot by Justin Falk.
2:40 of 1st overtime period - Stopped by Scott Clemmensen with a rebound.
3:26 of 1st overtime period - Slapshot by Jonathon Blum.
3:26 of 1st overtime period - Stopped by Troy Grosenick with a rebound.
3:28 of 1st overtime period - Snap shot by Andy Miele.
3:28 of 1st overtime period - Stopped by Troy Grosenick with a rebound.
3:30 of 1st overtime period - Snap shot by Jordan Nolan.
3:30 of 1st overtime period - Shot Misses the Net.
4:27 of 1st overtime period - Snap shot by Tom Kostopoulos.
4:27 of 1st overtime period - Shot Misses the Net.
Goals for this period are 0 for Reign vs 0 for Marlies.
Shots for this period are 5 for Reign vs 4 for Marlies.

ShootOut


5:00 of 1st overtime period - Penalty Shot by William Karlsson for Reign.
5:00 of 1st overtime period - Snap shot by William Karlsson.
5:00 of 1st overtime period - Goal by William Karlsson.
5:00 of 1st overtime period - Penalty Shot by Jordan Nolan for Marlies.
5:00 of 1st overtime period - Snap shot by Jordan Nolan.
5:00 of 1st overtime period - Goal by Jordan Nolan.
5:00 of 1st overtime period - Penalty Shot by Luke Gazdic for Reign.
5:00 of 1st overtime period - Wrist shot by Luke Gazdic.
5:00 of 1st overtime period - Stopped by Scott Clemmensen.
5:00 of 1st overtime period - Penalty Shot by Andy Miele for Marlies.
5:00 of 1st overtime period - Wrist shot by Andy Miele.
5:00 of 1st overtime period - Goal by Andy Miele.
5:00 of 1st overtime period - Penalty Shot by Tom Kostopoulos for Reign.
5:00 of 1st overtime period - Snap shot by Tom Kostopoulos.
5:00 of 1st overtime period - Stopped by Scott Clemmensen.